 Dungeon Crawl Stone Soup version 0.28-a0-1594-ga885d4b3d6 (webtiles) character file.

Game seed: 15642096563624914756

2940 porpoise the Fighter (level 10, -5/77 HPs)
             Began as a Djinni Conjurer on Jan 20, 2022.
             Was an Initiate of Ashenzari.
             Shot with a sling bullet by Joseph (13 damage)
             ... on level 8 of the Dungeon on Jan 21, 2022.
             The game lasted 00:30:54 (10734 turns).

porpoise the Fighter (Djinni Conjurer)             Turns: 10734, Time: 00:30:55

Health: -5/77      AC:  7    Str:  8    XL:     10   Next: 7%
Gold:   388        EV: 13    Int: 20    God:    Ashenzari [......] SH:  0 Dex: 14

rFire   + + .      SeeInvis .   b - +0 hunting sling
rCold   . . .      Faith    .   (no shield)
rNeg    . . .      Spirit   .   h - +1 robe
rPois   ∞          Reflect  .   (no helmet)
rElec   .          Harm     .   v - +1 cloak
rCorr   .          Rampage  .   z - +1 pair of gloves
Will    +....                   (boots unavailable)
Stlth   +++.......              (no amulet)
HPRegen 0.22/turn               i - ring of protection from cold
MPRegen 0.00/turn               (no ring)

@: flying
A: sickness immunity, fire resistance 2, cold vulnerability 1, float, innate
caster, hp casting, extra vitality 1
a: Renounce Religion, Curse Item


You were on level 8 of the Dungeon.
You worshipped Ashenzari.
Ashenzari was noncommittal.
You visited 2 branches of the dungeon, and saw 9 of its levels.

You collected 388 gold pieces.

Inventory:

Hand Weapons
 a - a +2 quarterstaff of speed
 b - a +0 hunting sling (weapon)
 B - a +0 whip of electrocution
Missiles
 e - 23 poisoned darts
 f - 158 stones (quivered ammo)
 g - 8 javelins
 k - 108 arrows
 p - 39 bolts
 x - 10 sling bullets
 F - 6 boomerangs
 G - a curare-tipped dart
Armour
 h - a +1 robe (worn)
 q - the +9 scales of the Dragon King {rPois rF+ rC+ Will+}
   (You found it on level 4 of the Dungeon)

   rF:        It protects you from fire.
   rC:        It protects you from cold.
   rPois:     It protects you from poison.
   Will:      It increases your willpower.
 r - a +0 leather armour of willpower
 v - a +1 cloak (worn)
 z - a +1 pair of gloves (worn)
Jewellery
 i - a ring of protection from cold (left hand)
Wands
 A - a wand of digging (8)
 C - a wand of flame (25)
Scrolls
 s - 2 scrolls of teleportation
 t - 2 scrolls of blinking
 u - a scroll of magic mapping
 y - a scroll of fear
Potions
 c - 2 potions of heal wounds
 d - 2 potions of might
 j - 2 potions of mutation {unknown}
 l - a potion of berserk rage {unknown}
 m - 3 potions of resistance
 n - 2 potions of curing
 o - 2 potions of cancellation {unknown}
 w - a potion of brilliance {unknown}
 D - a potion of degeneration {unknown}
 E - a potion of lignification {unknown}


   Skills:
 * Level 8.4 Fighting
 * Level 3.5 Dodging
 - Level 5.0 Stealth
 - Level 7.0 Spellcasting
 + Level 2.2 Evocations


You couldn't memorise any spells.
You knew the following spells:

 Your Spells              Type           Power      Damage    Failure   Level
a - Magic Dart            Conj           100%       1d8       1%          1
b - Searing Ray           Conj           70%        2d7       1%          2
c - Fulminant Prism       Conj/Hex       17%        3d11      5%          4
d - Iskenderun's Mystic   Conj/Tloc      35%        2d8       5%          4
e - Teleport Other        Tloc           35%        N/A       1%          3
g - Summon Guardian Gole  Hex/Summ       35%        N/A       1%          3
i - Call Imp              Summ           35%        N/A       1%          2
s - Sandblast             Erth           70%        2d15      1%          1
z - Dazzling Flash        Conj/Hex       70%        N/A       1%          3
Your spell library was empty.

Dungeon Overview and Level Annotations

Branches:
Dungeon (8/15)             Temple (1/1) D:6            Lair (0/6) D:8

Altars:
Ashenzari
Cheibriados
Dithmenos
Elyvilon
Fedhas
Gozag
Hepliaklqana
Kikubaaqudgha
Makhleb
Okawaru
Qazlal
Ru
Sif Muna
Trog
Uskayaw
Vehumet
Wu Jian
Xom
Yredelemnul
Zin
The Shining One

Shops:
D:3 [

Annotations:
D:3 2 transporters, southernslant's ghost, amateur OpWz
D:8 Joseph


Innate Abilities, Weirdness & Mutations

You are immune to sickness and miasma.
You are immune to poison.
Your flesh is very heat resistant. (rF++)
You are vulnerable to cold. (rC-)
You float through the air rather than walking.
You learn spells naturally, not from books.
Your magical power is your life essence.
You have superior vitality. (+4 MHP)


Message History

A fulminant prism comes into view.
Casting: Fulminant Prism (dangerous; 5% risk of failure)
Confirm with . or Enter, or press ? or * to list all spells.
Aiming: Sandblast (safe; 1% risk of failure)
Press: ? - help, Shift-Dir - straight line, f - Joseph
Aim: Joseph, wielding a +0 quarterstaff, wearing a +0 ring mail, quivering sling bullets and carrying a wand of flame (24) (ally target, 84% to hit)
The blast of sand hits Joseph!
Joseph is moderately wounded.
f - 160 stones Joseph says, "It's nothing personal, but I have to kill you."
Joseph unwields a +0 quarterstaff.
Joseph wields a +0 hunting sling.
Joseph shoots a sling bullet.
The sling bullet hits you!
* * * LOW HITPOINT WARNING * * *
Your fulminant prism crackles loudly.
Casting: Sandblast (safe; 1% risk of failure)
Confirm with . or Enter, or press ? or * to list all spells.
Aiming: Sandblast (safe; 1% risk of failure)
Press: ? - help, Shift-Dir - straight line, f/p - Joseph
Aim: Joseph, wielding a +0 hunting sling, wearing a +0 ring mail, quivering sling bullets and carrying a wand of flame (24) (moderately wounded, ally target, 84% to hit)
The blast of sand hits Joseph!
Joseph is heavily wounded.
f - 159 stones
* * * LOW HITPOINT WARNING * * *
Joseph shoots a sling bullet.
The sling bullet hits you!
* * * LOW HITPOINT WARNING * * *
Your fulminant prism explodes!
The blast of energy engulfs Joseph!
Joseph is severely wounded.
You hear a shout! x3
Casting: Sandblast (safe; 1% risk of failure)
Confirm with . or Enter, or press ? or * to list all spells.
Aiming: Sandblast (safe; 1% risk of failure)
Press: ? - help, Shift-Dir - straight line, f/p - Joseph
Aim: Joseph, wielding a +0 hunting sling, wearing a +0 ring mail, quivering sling bullets and carrying a wand of flame (24) (severely wounded, 84% to hit)
The blast of sand hits Joseph!!
Joseph is almost dead.
f - 158 stones
* * * LOW HITPOINT WARNING * * *
Joseph shoots a sling bullet.
The sling bullet hits you!
You die...

........... ###
.........(o..####...
.............#.....
#.#...... .(....#.##
#.#...#.# #y#.....#
#.#...#.# .......# #.#...#.#
#)....#.#
##.#...#.#.####@......#
##.#..#...#..@).)..#####
##.##.###.#########.##
#...#..#...)######...###.#
#.##.#..<)...)....#......#
###.##.##.#)#.#####..#.#####
.........)..#.# ##.#.###
.##.##......#.# #......#
.##.##....÷)#.# #..###.#
.##........)..# #...##.#


You could see Joseph.

Vanquished Creatures
  A troll (D:7)
  A hornet (D:8)
  A wyvern (D:8)
  A steam dragon (D:8)
  The ghost of Atlas the Chiller, an amateur DsIE (D:5)
  2 sky beasts (D:7)
  An ice beast (D:7)
  A black bear (D:5)
  2 ogres
  A centaur (D:8)
  A phantom (D:6)
  3 kobold brigands
  2 scorpions (D:4)
  A water moccasin zombie (D:5)
  2 centaur zombies
  2 bullfrog zombies (D:6)
  2 jellies
  4 orc priests
  2 gnoll shamans
  Crazy Yiuf (D:5)
  4 hounds
  2 scorpion zombies
  3 iguanas
  3 orc wizards
  A killer bee zombie (D:6)
  A howler monkey zombie (D:4)
  9 gnolls
  6 adders
  2 howler monkey skeletons
  A shadow imp (D:7)
  A white imp (D:7)
  An ufetubus (D:5)
  An adder skeleton (D:4)
  A worm (D:2)
  3 dart slugs
  21 orcs
  6 bats
  10 endoplasms
  2 giant cockroaches
  7 goblins
  9 hobgoblins
  4 jackals (D:2)
  A quokka (D:1)
  7 ball pythons
  4 frilled lizards
  21 kobolds
  4 rats
167 creatures vanquished.

Vanquished Creatures (others)
  20 fulminant prisms
  2 withered plants (D:5)
22 creatures vanquished.

Grand Total: 189 creatures vanquished

Notes
Turn   | Place    | Note
-------+----------+-------------------------------------------
     0 | D:1      | porpoise the Djinni Conjurer began the quest for the Orb.
     0 | D:1      | Reached XP level 1. HP: 15/15 MP: 0/0
   190 | D:1      | Reached XP level 2. HP: 20/22 MP: 0/0
   288 | D:1      | Reached skill level 1 in Fighting
   611 | D:1      | Reached XP level 3. HP: 25/27 MP: 0/0
   611 | D:1      | Learned a level 1 spell: Sandblast
  1489 | D:2      | Reached XP level 4. HP: 28/33 MP: 0/0
  1613 | D:2      | Reached skill level 2 in Fighting
  2093 | D:2      | Found a faded altar of an unknown god.
  2806 | D:3      | Found Daguzu's Armour Emporium.
  2851 | D:3      | Found a transporter.
  2876 | D:3      | Reached XP level 5. HP: 29/39 MP: 0/0
  2876 | D:3      | Learned a level 2 spell: Call Imp
  3167 | D:3      | Found an opulent altar of Gozag.
  3496 | D:3      | Reached skill level 3 in Fighting
  3571 | D:3      | Found a transporter.
  3577 | D:3      | Noticed southernslant's ghost (amateur OpWz)
  3578 | D:3      | Noticed a necrophage
  3639 | D:3      | Reached XP level 6. HP: 42/46 MP: 0/0
  3874 | D:3      | Found a basalt altar of Yredelemnul.
  3875 | D:3      | Found a blossoming altar of Fedhas.
  4051 | D:4      | Noticed an ogre
  4059 | D:4      | Killed an ogre
  4474 | D:4      | Found the +9 scales of the Dragon King {rPois rF+ rC+
                  | Will+}
  4693 | D:4      | Reached XP level 7. HP: 40/51 MP: 0/0
  4693 | D:4      | Learned a level 3 spell: Summon Guardian Golem
  4950 | D:4      | Reached skill level 4 in Fighting
  5562 | D:5      | Entered Level 5 of the Dungeon
  5642 | D:5      | Noticed Atlas's ghost (amateur DsIE)
  5642 | D:5      | Found a runed translucent door.
  5939 | D:5      | Reached skill level 5 in Spellcasting
  6088 | D:4      | Reached skill level 5 in Fighting
  6088 | D:4      | Reached XP level 8. HP: 5/59 MP: 0/0
  6495 | D:5      | Found a shimmering altar of Xom.
  6700 | D:5      | Found a runed translucent door.
  6701 | D:5      | Noticed Crazy Yiuf
  6981 | D:5      | Killed Crazy Yiuf
  7065 | D:5      | Killed Atlas's ghost
  7552 | D:6      | Reached skill level 6 in Fighting
  8188 | D:6      | Reached XP level 9. HP: 60/67 MP: 0/0
  8188 | D:6      | Learned a level 3 spell: Teleport Other
  8623 | D:6      | Found a staircase to the Ecumenical Temple.
  8632 | Temple   | Entered the Ecumenical Temple
  8753 | Temple   | Became a worshipper of Ashenzari the Shackled
  8937 | D:7      | Reached skill level 7 in Fighting
  9446 | D:7      | Noticed a troll
  9456 | D:7      | Killed a troll
  9457 | D:7      | Reached skill level 5 in Stealth
 10069 | D:8      | Reached skill level 1 in Evocations
 10253 | D:8      | Reached skill level 8 in Fighting
 10636 | D:8      | Found a staircase to the Lair.
 10637 | D:8      | Upgraded the game from 0.28-a0-1567-g1695149f81 to
                  | 0.28-a0-1594-ga885d4b3d6
 10686 | D:8      | Noticed a hornet
 10695 | D:8      | Reached XP level 10. HP: 42/76 MP: 0/0
 10730 | D:8      | Noticed Joseph
 10734 | D:8      | Shot with a sling bullet by Joseph

Illustrated notes

Levels and vault maps discovered:
D:1:      dpeg_arrival_boxorama, layout_basic
D:2:      minmay_skewed_foursquare, layout_basic,
          hellmonk_ecumenical_altar_heavens_door
D:3:      layout_basic, general_overflow_altar, gammafunk_temple_overflow_pools,
          gammafunk_ghost_mausoleum, serial_shops, shop
D:4:      layout_layer_cave
D:5:      layout_cave_pools, mainiacjoe_overflow_24_doors,
          gammafunk_ghost_grave, uniq_crazy_yiuf_cottage
D:6:      layout_rooms, temple_hall, kennysheep_generic_room_6
D:7:      layout_basic
D:8:      layout_loops_cross, lair_entry_dummy, ebering_ghost_rock_garden,
          uniq_prince_ribbit1, uniq_gastronok, uniq_joseph, uniq_pikel,
          uniq_psyche
Temple:   minmay_temple_bridge_d

Skill      XL: |  1  2  3  4  5  6  7  8  9 10 |
---------------+-------------------------------+-----
Fighting       | 1 2 3 5 6 8 |  8.4
Stealth        | 2 3 4 5 |  5.0
Spellcasting   | 4 5 6 7 |  7.0
Evocations     | 1 2 |  2.2
Dodging        | 3 |  3.5

Action                   |  1- 3 |  4- 6 |  7- 9 | 10-12 || total
-------------------------+-------+-------+-------+-------++-------
Melee: Quarterstaff      |     4 |       |       |       ||     4
 Fire: Hunting sling     |       |    44 |    65 |       ||   109
Throw: Dart              |       |       |     2 |       ||     2
 Cast: Magic Dart        |    32 |    29 |       |       ||    61
       Searing Ray       |     9 |    22 |    51 |     1 ||    83
       Sandblast         |       |     4 |    23 |     3 ||    30
       Fulminant Prism   |       |     1 |    18 |     1 ||    20
       Iskenderun's Myst |       |       |    14 |     1 ||    15
       Summon Guardian G |       |       |     1 |       ||     1
  Use: Scroll            |       |     8 |     6 |       ||    14
       Potion            |       |       |     1 |       ||     1
Armor: Robe              |       |     2 |    16 |       ||    18
Dodge: Dodged            |     3 |     7 |    33 |       ||    43

Table legend: (Time is in decaauts)
 A = Elapsed time spent in this place.
 B = Non-inter-level travel time spent in this place.
 C = Inter-level travel time spent in this place.
 D = Time resting spent in this place.
 E = Time spent auto-exploring this place.
 F = Levels seen in this place.
 G = Mean time per level.
                   A        B        C        D        E       F      G
               +--------+--------+--------+--------+--------+-----+--------+
         Total |  10755 |  10473 |    282 |   4336 |   4983 |   9 | 1195.0 |
       Dungeon |  10612 |  10351 |    261 |   4336 |   4884 |   8 | 1326.5 |
        Temple |    142 |    121 |     21 |      0 |     99 |   1 |  142.0 |
               +--------+--------+--------+--------+--------+-----+--------+

Top non-repeatable levels by time:
     D:4: 1956 daAuts
     D:6: 1491 daAuts
     D:3: 1466 daAuts
     D:2: 1355 daAuts
     D:5: 1277 daAuts
     D:7: 1201 daAuts
     D:1: 1148 daAuts
     D:8: 715 daAuts
  Temple: 142 daAuts
